 Dungeon Crawl Stone Soup version 0.28.0-53-g5a82cb258f (webtiles) character file.

Game seed: 13108355956261983044

13843 Gabide the Nimble (level 12, 0/97 HPs)
             Began as a Gnoll Monk on July 7, 2022.
             Was a Priest of Dithmenos.
             Killed from afar by an acid dragon (6 damage)
             ... with a splash of acid
             ... on level 12 of the Dungeon on July 10, 2022.
             The game lasted 00:40:57 (16703 turns).

Gabide the Nimble (Gnoll Monk)                     Turns: 16703, Time: 00:40:58

Health: 0/97       AC: 14    Str: 10 (11) XL:     12   Next: 10%
Magic:  19/22      EV: 20    Int:  6 (9)  God:    Dithmenos [***...]
Gold:   372        SH:  0    Dex: 17 (20) Spells: 13/24 levels left

rFire   + . .      SeeInvis .   a - +0 trident (vamp)
rCold   . . .      Faith    .   (no shield)
rNeg    . . .      Spirit   .   n - +0 acid dragon scales
rPois   .          Reflect  .   x - +1 helmet
rElec   .          Harm     .   (no cloak)
rCorr   +          Rampage  .   c - +2 pair of gloves
Will    .....                   p - +0 pair of boots
Stlth   +++++.....              (no amulet)
HPRegen 0.26/turn               l - ring of protection from fire
MPRegen 0.18/turn               o - +4 ring of evasion

@: freezing walls, wreathed by umbra
A: fangs 1, strong nose, distributed training
a: Renounce Religion, Shadow Step


You were on level 12 of the Dungeon.
You worshipped Dithmenos.
Dithmenos was most pleased with you.
You visited 3 branches of the dungeon, and saw 14 of its levels.

You collected 762 gold pieces.
You spent 390 gold pieces at shops.

Inventory:

Hand Weapons
 a - a +0 vampiric trident (weapon)
 b - a +0 halberd
 y - a +1 spear
Missiles
 A - 2 boomerangs
Armour
 c - a +2 pair of gloves (worn)
 e - a +3 ring mail of cold resistance
 n - +0 acid dragon scales (worn)
 p - a +0 pair of boots (worn)
 t - an orb of guile
 x - a +1 helmet (worn)
Jewellery
 l - a ring of protection from fire (left hand)
 o - a +4 ring of evasion (right hand)
 u - a ring of positive energy
Wands
 r - a wand of charming (5)
Scrolls
 f - 3 scrolls of amnesia
 g - 9 scrolls of vulnerability
 h - a scroll of immolation
 k - a scroll of magic mapping {unknown}
 m - a scroll of teleportation
 q - a scroll of noise
 w - a scroll of identify
Potions
 d - 2 potions of mutation
 i - 5 potions of brilliance
 j - a potion of haste
 s - a potion of cancellation
 v - a potion of curing
 C - a potion of ambrosia {unknown}


   Skills:
 + Level 9.6 Fighting
 + Level 6.9 Short Blades
 + Level 6.9 Long Blades
 + Level 6.9 Axes
 + Level 6.9 Maces & Flails
 + Level 9.6 Polearms
 + Level 6.9 Staves
 + Level 6.9 Slings
 + Level 6.9 Bows
 + Level 6.9 Crossbows
 + Level 6.9 Throwing
 + Level 6.9 Armour
 + Level 9.6 Dodging
 + Level 8.2 Stealth
 + Level 6.9 Shields
 + Level 6.9 Unarmed Combat
 + Level 6.9 Spellcasting
 + Level 5.7 Conjurations
 + Level 5.7 Hexes
 + Level 5.7 Summonings
 + Level 5.7 Necromancy
 + Level 5.7 Translocations
 + Level 5.7 Transmutations
 + Level 5.7 Fire Magic
 + Level 5.7 Ice Magic
 + Level 5.7 Air Magic
 + Level 5.7 Earth Magic
 + Level 5.7 Poison Magic
 + Level 7.6 Invocations
 + Level 6.9 Evocations


You had 13 spell levels left.
You knew the following spells:

 Your Spells              Type           Power      Damage    Failure   Level
a - Call Imp              Summ           9%         N/A       5%          2
b - Mephitic Cloud        Conj/Pois/Air  9%         N/A       11%         3
c - Ignite Poison         Fire/Tmut/Pois 9%         N/A       11%         3
d - Frozen Ramparts       Ice            18%        1d3       11%         3

Your spell library contained the following spells:

 Spells                   Type           Power      Damage    Failure   Level
 Apportation              Tloc           18%        N/A       3%          1
 Ice Form                 Ice/Tmut       9%         N/A       34%         4
 Summon Ice Beast         Ice/Summ       9%         N/A       34%         4
 Fireball                 Conj/Fire      4%         3d4       67%         5
 Freezing Cloud           Conj/Ice/Air   4%         6-21      67%         5
 Starburst                Conj/Fire      4%         6d4       99%         6
 Ignition                 Fire           4%         3d4       100%        8


Dungeon Overview and Level Annotations

Branches:
Dungeon (12/15)            Temple (1/1) D:6            Lair (1/6) D:9
    Orc (0/2) D:10

Altars:
Ashenzari
Cheibriados
Dithmenos
Fedhas
Gozag
Hepliaklqana
Kikubaaqudgha
Makhleb
Nemelex Xobeh
Okawaru
Qazlal
Sif Muna
Trog
Vehumet
Wu Jian
Xom
Yredelemnul
Zin
The Shining One

Shops:
D:4 (   D:9 [

Annotations:
D:3 Ijyb
D:4 3 runed translucent doors, Revguard's ghost, amateur HOFi
D:5 2 runed translucent doors, 2 transporters, kalagan's ghost, novice DECj
D:8 Harold
D:9 2 transporters, exclusions: hornet and troll, goozler's ghost, novice TrMo
D:10 exclusion: two-headed ogre
D:11 exclusion: 2 boulder beetles


Innate Abilities, Weirdness & Mutations

You have very sharp teeth.
Your uncanny sense of smell can sniff out nearby items.
Your experience applies equally to all skills.


Message History

Reach: a) +0 trident (vamp)
Press: ? - help, Dir - move target, f/p - boulder beetle
Aim: a boulder beetle (almost dead, confused, umbra, about 6% to evade your +0 vampiric trident)
You reach to attack!
You hit the boulder beetle but do no damage.
The boulder beetle is almost dead.
Reach: a) +0 trident (vamp)
Press: ? - help, Dir - move target, f/p - boulder beetle
Aim: a boulder beetle (almost dead, confused, umbra, about 6% to evade your +0 vampiric trident)
You reach to attack!
You catch the helpless boulder beetle completely off-guard!
You hit the boulder beetle.
You feel better.
The boulder beetle is almost dead.
The wall freezes the boulder beetle.
You kill the boulder beetle!
Dithmenos accepts your kill.
The frozen ramparts melt away as you move.
The acid dragon spits acid at you. The splash of acid hits you! You resist.
* * * LOW HITPOINT WARNING * * *
Okay, then.
Unknown command.
Press: ? - help, . - travel You can't see that place. [the floor.] Unknown command.
It was a potion of degeneration.
There was something very wrong with that liquid.
You feel weakened.
You feel dopey.
You feel clumsy. Magic courses through your body.
Casting: Frozen Ramparts (dangerous; 11% risk of failure)
Confirm with . or Enter, or press ? or * to list all spells.
Casting: Frozen Ramparts (dangerous; 11% risk of failure)
Press: ? - help, Dir - look around, f - activate This square is wreathed by an umbra.
The walls around you are covered in ice.
The wall freezes the acid dragon.
The acid dragon spits acid at you. The splash of acid hits you. You resist.
You die...

#############
#?.†..D..)(.#
........#####.#..#####
###...D......###D....#
#e.#<######.#..###.#
....#. ##.#@###.# ....
.. #.#...#.# ### ###
#.###.#.# #.# #.#.#
#.# #.#.# #.# #.#.#
##.###.#.##
#.........#
#..###.#.##


You could see an acid dragon (catching breath).

Vanquished Creatures
  A boulder beetle (D:12)
  A deep elf pyromancer (D:12)
  Pikel (D:7)
  A centaur zombie (D:11)
  2 cane toads (Lair:1)
  A rime drake (D:9)
  A merfolk (D:10)
  A polar bear (Lair:1)
  2 trolls (D:9)
  A hornet (D:8)
  3 blink frogs (Lair:1)
  A shadow (D:11)
  A vampire (D:10)
  33 yaks
  4 vampire mosquitoes
  6 water moccasins
  3 acid dragons
  A sky beast (D:8)
  An orc warrior (D:9)
  An ice beast (D:5)
  5 wolves (D:9)
  An ogre (D:6)
  A phantom (D:5)
  9 centaurs
  3 bullfrogs
  A kobold brigand (D:9)
  2 scorpions
  3 killer bees (D:10)
  8 howler monkeys
  2 bullfrog zombies
  3 jellies
  7 orc priests
  A centaur skeleton (D:7)
  An iguana (D:6)
  7 orc wizards
  A killer bee zombie (D:7)
  A hound skeleton (D:4)
  A howler monkey zombie (D:7)
  A howler monkey skeleton (D:5)
  7 adders
  2 worms
  5 dart slugs
  24 orcs
  4 bats (D:2)
  6 endoplasms
  A giant cockroach (D:1)
  2 goblins
  5 hobgoblins
  3 jackals (D:2)
  8 kobolds
  2 quokkas
  4 ball pythons
  2 frilled lizards (D:2)
  2 rats
201 creatures vanquished.

Vanquished Creatures (collateral kills)
  A black bear (Lair:1)
1 creature vanquished.

Vanquished Creatures (others)
  3 fungi (Lair:1)
  4 plants (D:12)
7 creatures vanquished.

Grand Total: 209 creatures vanquished

Notes
Turn   | Place    | Note
-------+----------+-------------------------------------------
     0 | D:1      | Gabide the Gnoll Monk began the quest for the Orb.
     0 | D:1      | Reached XP level 1. HP: 23/23 MP: 1/1
   195 | D:1      | Reached XP level 2. HP: 29/29 MP: 2/2
   518 | D:2      | Reached XP level 3. HP: 24/35 MP: 3/3
   788 | D:2      | Reached skill level 1 in Invocations
  1010 | D:2      | Reached skill level 1 in Short Blades
  1010 | D:2      | Reached skill level 1 in Long Blades
  1010 | D:2      | Reached skill level 1 in Axes
  1010 | D:2      | Reached skill level 1 in Maces & Flails
  1010 | D:2      | Reached skill level 1 in Staves
  1010 | D:2      | Reached skill level 1 in Slings
  1010 | D:2      | Reached skill level 1 in Bows
  1010 | D:2      | Reached skill level 1 in Crossbows
  1010 | D:2      | Reached skill level 1 in Throwing
  1010 | D:2      | Reached skill level 1 in Armour
  1010 | D:2      | Reached skill level 1 in Shields
  1010 | D:2      | Reached skill level 1 in Unarmed Combat
  1010 | D:2      | Reached skill level 1 in Spellcasting
  1010 | D:2      | Reached skill level 1 in Evocations
  1284 | D:2      | Reached XP level 4. HP: 41/41 MP: 5/5
  1599 | D:2      | Reached skill level 1 in Conjurations
  1599 | D:2      | Reached skill level 1 in Hexes
  1599 | D:2      | Reached skill level 1 in Summonings
  1599 | D:2      | Reached skill level 1 in Necromancy
  1599 | D:2      | Reached skill level 1 in Translocations
  1599 | D:2      | Reached skill level 1 in Transmutations
  1599 | D:2      | Reached skill level 1 in Fire Magic
  1599 | D:2      | Reached skill level 1 in Ice Magic
  1599 | D:2      | Reached skill level 1 in Air Magic
  1599 | D:2      | Reached skill level 1 in Earth Magic
  1599 | D:2      | Reached skill level 1 in Poison Magic
  1680 | D:3      | Noticed Ijyb
  1872 | D:3      | Found a snail-covered altar of Cheibriados.
  2352 | D:4      | Noticed Revguard's ghost (amateur HOFi)
  2551 | D:4      | Reached XP level 5. HP: 30/47 MP: 5/7
  2790 | D:4      | Found Voach's Weapon Boutique.
  2882 | D:4      | Found a runed translucent gate.
  2882 | D:4      | Found a runed translucent gate.
  2882 | D:4      | Found a runed translucent gate.
  2978 | D:4      | Noticed an orc warrior
  3014 | D:4      | Reached XP level 6. HP: 38/53 MP: 8/8
  3266 | D:5      | Entered Level 5 of the Dungeon
  3371 | D:5      | Got Voscha Voow's Collected Works on Creative Dislocation
  3415 | D:5      | Found a runed translucent door.
  3458 | D:5      | Found a runed translucent door.
  3513 | D:5      | Noticed an ice beast
  3532 | D:5      | Killed an ice beast
  3771 | D:5      | Found a transporter.
  3773 | D:5      | Noticed kalagan's ghost (novice DECj)
  4044 | D:5      | Found a transporter.
  4141 | D:5      | Reached XP level 7. HP: 41/60 MP: 10/10
  4385 | D:5      | Found a stormy altar of Qazlal.
  4956 | D:6      | Found a staircase to the Ecumenical Temple.
  4965 | Temple   | Entered the Ecumenical Temple
  5025 | Temple   | Became a worshipper of Dithmenos the Shadowed
  5025 | Temple   | Reached * piety under Dithmenos
  5025 | Temple   | Reached ** piety under Dithmenos
  5112 | D:6      | Reached skill level 5 in Stealth
  5803 | D:6      | Reached XP level 8. HP: 33/67 MP: 12/12
  6759 | D:7      | Noticed Pikel
  6779 | D:7      | Killed Pikel
  6780 | D:7      | Reached XP level 9. HP: 72/72 MP: 14/14
  7452 | D:8      | Noticed Harold
  7613 | D:8      | Found an opulent altar of Gozag.
  7716 | D:8      | Noticed a hornet
  7723 | D:8      | Paralysed by a hornet for 1 turns
  7733 | D:8      | Killed a hornet
  8215 | D:9      | Found Zienkiuq's Armour Boutique.
  8247 | D:9      | Found a transporter.
  8252 | D:9      | Found a transporter.
  8252 | D:9      | Noticed a tengu warrior
  8253 | D:9      | Noticed goozler's ghost (novice TrMo)
  8253 | D:9      | Noticed a moth of wrath
  8254 | D:9      | Found a bloodstained altar of Trog.
  8258 | D:9      | Noticed a two-headed ogre
  8629 | D:9      | Found a glowing golden altar of the Shining One.
  8840 | D:9      | Noticed a hornet
  8846 | D:9      | Noticed a troll
  8892 | D:9      | Noticed a troll
  8974 | D:9      | Killed a troll
  8975 | D:9      | Reached skill level 5 in Invocations
  9195 | D:9      | Found a staircase to the Lair.
  9204 | Lair:1   | Entered Level 1 of the Lair of Beasts
  9204 | Lair:1   | Noticed a rime drake
  9303 | D:9      | Noticed a two-headed ogre
  9339 | D:9      | Bought a +3 ring mail of cold resistance for 390 gold
                  | pieces
  9423 | Lair:1   | Noticed a komodo dragon
  9523 | D:9      | Reached XP level 10. HP: 80/80 MP: 17/17
  9816 | D:9      | Reached *** piety under Dithmenos
  9817 | D:9      | Reached skill level 5 in Short Blades
  9817 | D:9      | Reached skill level 5 in Long Blades
  9817 | D:9      | Reached skill level 5 in Axes
  9817 | D:9      | Reached skill level 5 in Maces & Flails
  9817 | D:9      | Reached skill level 5 in Staves
  9817 | D:9      | Reached skill level 5 in Slings
  9817 | D:9      | Reached skill level 5 in Bows
  9817 | D:9      | Reached skill level 5 in Crossbows
  9817 | D:9      | Reached skill level 5 in Throwing
  9817 | D:9      | Reached skill level 5 in Armour
  9817 | D:9      | Reached skill level 5 in Shields
  9817 | D:9      | Reached skill level 5 in Unarmed Combat
  9817 | D:9      | Reached skill level 5 in Spellcasting
  9817 | D:9      | Reached skill level 5 in Evocations
 10940 | D:10     | Entered Level 10 of the Dungeon
 10941 | D:10     | Found a staircase to the Orcish Mines.
 10957 | D:10     | Noticed a two-headed ogre
 12193 | Lair:1   | Noticed a cane toad
 12222 | Lair:1   | Killed a cane toad
 12394 | Lair:1   | Reached XP level 11. HP: 84/87 MP: 19/19
 12711 | Lair:1   | Learned a level 2 spell: Call Imp
 12720 | Lair:1   | Reached skill level 5 in Conjurations
 12720 | Lair:1   | Reached skill level 5 in Hexes
 12720 | Lair:1   | Reached skill level 5 in Summonings
 12720 | Lair:1   | Reached skill level 5 in Necromancy
 12720 | Lair:1   | Reached skill level 5 in Translocations
 12720 | Lair:1   | Reached skill level 5 in Transmutations
 12720 | Lair:1   | Reached skill level 5 in Fire Magic
 12720 | Lair:1   | Reached skill level 5 in Ice Magic
 12720 | Lair:1   | Reached skill level 5 in Air Magic
 12720 | Lair:1   | Reached skill level 5 in Earth Magic
 12720 | Lair:1   | Reached skill level 5 in Poison Magic
 12831 | Lair:1   | Noticed a five-headed hydra
 13934 | D:10     | Noticed an ettin
 13936 | D:10     | Noticed a two-headed ogre
 14350 | D:11     | Noticed a boulder beetle
 14985 | D:10     | an ettin changed into a merfolk
 15423 | D:10     | Learned a level 3 spell: Mephitic Cloud
 15427 | D:10     | Learned a level 3 spell: Ignite Poison
 15431 | D:10     | Learned a level 3 spell: Frozen Ramparts
 15841 | D:11     | Noticed a boulder beetle
 16582 | D:12     | Noticed a deep elf pyromancer
 16605 | D:12     | Reached XP level 12. HP: 95/96 MP: 22/22
 16678 | D:12     | Noticed a boulder beetle
 16696 | D:12     | Killed a boulder beetle
 16703 | D:12     | Killed from afar by an acid dragon

Illustrated notes

Levels and vault maps discovered:
D:1:      lemuel_arrival_cross, layout_rooms, st_stairs_3
D:2:      layout_basic
D:3:      layout_rooms, mainiacjoe_overflow_paths, grunt_decor_fettered,
          kennysheep_small_spiral, minivault_24, nicolae_elevator_lobby_plus,
          uniq_ijyb
D:4:      layout_loops_ring, gammafunk_temple_overflow_forgotten,
          mainiacjoe_overflow_boulevard, serial_shops, shop_coins,
          gammafunk_ghost_split
D:5:      lemuel_insect_pit, layout_gridville, general_overflow_altar,
          gammafunk_ghost_mausoleum
D:6:      layout_gridville, minmay_temple_entry_antechambers
D:7:      layout_cave_pools, uniq_pikel
D:8:      layout_basic, kennysheep_mini, uniq_harold
D:9:      layout_loops_corners, mainiacjoe_overflow_24_doors, lair_entry_dummy,
          gammafunk_ghost_wrathful_warriors, serial_shops, nicolae_diamond_shop
D:10:     layout_cave_pools, orc_0_dummy, kennysheep_island_fort
D:11:     layout_cave_pools
D:12:     layout_loops_ring, serial_bayou_lagoon_b
Temple:   nicolae_temple_great_sept
Lair:1:   layout_chaotic_city, minivault_19, st_stairs_7

Skill      XL: |  1  2  3  4  5  6  7  8  9 10 11 |
---------------+----------------------------------+-----
Invocations    | 1 2 3 4 5 6 7 |  7.6
Short Blades   | 1 2 3 4 5 6 |  6.9
Long Blades    | 1 2 3 4 5 6 |  6.9
Axes           | 1 2 3 4 5 6 |  6.9
Maces & Flails | 1 2 3 4 5 6 |  6.9
Staves         | 1 2 3 4 5 6 |  6.9
Slings         | 1 2 3 4 5 6 |  6.9
Bows           | 1 2 3 4 5 6 |  6.9
Crossbows      | 1 2 3 4 5 6 |  6.9
Throwing       | 1 2 3 4 5 6 |  6.9
Armour         | 1 2 3 4 5 6 |  6.9
Shields        | 1 2 3 4 5 6 |  6.9
Unarmed Combat | 1 2 3 4 5 6 |  6.9
Spellcasting   | 1 2 3 4 5 6 |  6.9
Evocations     | 1 2 3 4 5 6 |  6.9
Conjurations   | 1 2 3 4 5 |  5.7
Hexes          | 1 2 3 4 5 |  5.7
Summonings     | 1 2 3 4 5 |  5.7
Necromancy     | 1 2 3 4 5 |  5.7
Translocations | 1 2 3 4 5 |  5.7
Transmutations | 1 2 3 4 5 |  5.7
Fire Magic     | 1 2 3 4 5 |  5.7
Ice Magic      | 1 2 3 4 5 |  5.7
Air Magic      | 1 2 3 4 5 |  5.7
Earth Magic    | 1 2 3 4 5 |  5.7
Poison Magic   | 1 2 3 4 5 |  5.7
Fighting       | 7 8 9 |  9.6
Polearms       | 7 8 9 |  9.6
Dodging        | 7 8 9 |  9.6
Stealth        | 5 6 7 8 |  8.2

Action                   |  1- 3 |  4- 6 |  7- 9 | 10-12 || total
-------------------------+-------+-------+-------+-------++-------
Melee: Spear             |    84 |   192 |   602 |   241 ||  1119
       Bite              |     9 |    20 |    70 |   162 ||   261
       Punch             |       |     2 |    34 |    17 ||    53
       Halberd           |       |       |       |   529 ||   529
       Trident           |       |       |       |    55 ||    55
 Fire: Hunting sling     |    12 |    63 |    23 |     6 ||   104
Throw: Dart              |       |     6 |       |    11 ||    17
       Stone             |       |       |       |     7 ||     7
 Cast: Mephitic Cloud    |       |       |       |    15 ||    15
       Call Imp          |       |       |       |     4 ||     4
       Ignite Poison     |       |       |       |     6 ||     6
       Frozen Ramparts   |       |       |       |     2 ||     2
Evoke: Wand              |       |       |     3 |     7 ||    10
  Use: Potion            |       |     2 |     4 |     5 ||    11
       Scroll            |       |     2 |     9 |    10 ||    21
 Stab: Sleeping          |     5 |     3 |     3 |    12 ||    23
       Distracted        |       |       |       |     1 ||     1
       Confused          |       |       |       |     1 ||     1
Armor: Robe              |     3 |       |       |       ||     3
       Ring mail         |    18 |    34 |    61 |   179 ||   292
       Acid dragon scale |       |       |    24 |    34 ||    58
Dodge: Dodged            |    36 |    83 |   457 |   915 ||  1491
